Map: Newkirk Precinct TE (Void)

Players

SpeCial - Winner!

  • Race: Terran Terran
  • Spawn Location: 5:00

iAsonu

  • Race: Zerg Zerg
  • Spawn Location: 7:00

Event: WCS Austin 2017

VOD

Have the link to the VOD?

Description

Time

  • Played on: April 29, 2017, 1:11 p.m.
  • Length: 12:36

All games in this series

Show
View Real Time Build Order
Export as new Build Order

SpeCial Terran - Winner!

Build Orders: MMM Bio 

Get SALT Encoding   

  12  0:00  SCV  
  13  0:12  SCV  
  14  0:17  Supply Depot  
  14  0:25  SCV  
  15  0:29  Refinery  
  15  0:39  SCV  
  16  0:45  Barracks  
  16  0:51  SCV  
  17  1:03  SCV  
  18  1:15  SCV  
  20  1:32  Reaper, Orbital Command  
  20  1:44  Command Center  
  20  1:55  Factory  
  20  1:58  SCV  
  21  2:08  Barracks Reactor  
  21  2:10  Supply Depot  
  21  2:11  SCV  
  22  2:16  Refinery  
  22  2:23  SCV  
  23  2:35  SCV  
  24  2:43  Starport  
  24  2:47  SCV  
  24  2:49  Hellion x2  
  29  2:51  Marine  
  29  2:58  Orbital Command  
  30  2:59  SCV  
  35  3:13  SCV  
  36  3:20  Widow Mine x2, Medivac  
  36  3:21  Barracks Tech Lab  
  36  3:24  SCV  
  39  3:32  Supply Depot  
  39  3:33  SCV  
  40  3:36  SCV  
  41  3:45  SCV  
  42  3:48  SCV  
  42  3:50  Hellion  
  42  3:54  Supply Depot, Hellion  
  47  3:59  Raven, SCV  
  47  4:01  SCV  
  51  4:11  SCV  
  51  4:13  SCV  
  53  4:25  Command Center, SCV x2  
  53  4:27  Supply Depot  
  53  4:28  Marine x2  
  53  4:29  Factory Tech Lab  
  57  4:37  SCV x2  
  59  4:51  SCV x2  
  62  4:56  Supply Depot  
  62  4:57  Siege Tank  
  62  4:59  Banshee  
  57  5:02  Bunker, Marine x2  
  57  5:03  SCV x2  
  64  5:09  Engineering Bay  
  64  5:13  Engineering Bay  
  64  5:15  SCV x2  
  64  5:20  Marine x2  
  68  5:27  SCV x2  
  70  5:29  Siege Tank  
  72  5:39  SCV x2  
  72  5:41  Terran Infantry Weapons Level 1  
  72  5:42  Terran Infantry Armor Level 1  
  75  5:49  Refinery  
  73  5:50  Refinery  
  73  5:54  Barracks  
  73  5:55  Marine  
  73  5:56  Barracks x2  
  51  5:57  Barracks, Orbital Command  
  74  5:58  Stimpack  
  74  6:03  Barracks  
  74  6:05  Starport Reactor  
  74  6:06  SCV x2  
  76  6:13  Marine  
  71  6:18  SCV  
  71  6:19  Supply Depot  
  71  6:20  Supply Depot  
  71  6:23  Siege Tank  
  75  6:27  Orbital Command  
  75  6:31  Marine  
  76  6:34  SCV x2  
  76  6:39  Barracks x2  
  78  6:41  Armory  
  78  6:46  SCV x2  
  80  6:47  Barracks Reactor  
  80  6:48  Barracks Reactor  
  80  6:49  Barracks Tech Lab  
  80  6:53  SCV  
  81  6:55  Marine x2  
  81  6:56  Marine  
  81  6:57  Medivac  
  81  6:58  SCV x2  
  81  7:01  Supply Depot  
  88  7:02  Supply Depot, Missile Turret  
  88  7:05  Medivac, SCV  
  91  7:08  Marine  
  91  7:10  SCV x2  
  91  7:13  Supply Depot, Marine x2  
  91  7:14  Combat Shields, Marine  
  97  7:17  SCV  
  98  7:22  SCV  
  98  7:23  SCV  
  98  7:26  Marine  
  98  7:29  SCV  
  102  7:30  Marine x3  
  102  7:31  Marine x4  
  102  7:33  Missile Turret  
  102  7:35  Siege Tank, SCV  
  114  7:43  Refinery  
  113  7:44  Marine  
  113  7:47  Barracks Tech Lab  
  113  7:48  Barracks Reactor, Marine x5  
  113  7:49  Marine  
  120  7:54  Marine  
  120  8:02  Terran Infantry Weapons Level 2, Marine  
  119  8:06  Marine x7  
  119  8:08  Terran Infantry Armor Level 2  
  119  8:12  Command Center, Marine  
  127  8:20  Siege Tank, Marine  
  127  8:24  Marine x2  
  133  8:30  Marine x7  
  133  8:33  Supply Depot  
  140  8:34  Supply Depot  
  140  8:37  Marine  
  140  8:41  Marine x2  
  141  8:52  Supply Depot  
  141  8:54  Supply Depot, Marine x6  
  141  8:55  Medivac  
  148  8:56  Medivac, Marine x2  
  148  8:59  Marine x2  
  146  9:03  Marine  
  139  9:12  Marine x4  
  139  9:14  Marine x2  
  132  9:17  Marine x2  
  132  9:21  Marine  
  132  9:22  Factory  
  133  9:25  Medivac  
  133  9:26  Medivac  
  133  9:30  Marine x2  
  137  9:31  Marauder, Marine x2  
  137  9:32  Marine x2  
  137  9:35  Marine x2  
  144  9:38  Marine  
  119  9:46  Widow Mine x2  
  119  9:48  Marine x2  
  119  9:49  Marine x3  
  119  9:50  Marine, Planetary Fortress  
  117  9:55  Medivac, Missile Turret  
  117  9:56  Medivac  
  117  9:59  Marine x2  
  123  10:00  Missile Turret  
  123  10:01  Marine  
  123  10:02  Marine  
  125  10:09  Marine x2  
  125  10:10  Marine x4  
  128  10:16  Marine  
  128  10:17  Marine, SCV x2  
  128  10:19  Marine  
  128  10:20  Widow Mine x2  
  131  10:24  Factory Tech Lab, Medivac  
  131  10:26  Marine  
  131  10:27  Marine x3  
  131  10:28  Marine  
  138  10:29  Marine  
  138  10:30  Marine  
  138  10:34  Marine  
  138  10:35  Marine  
  142  10:36  Marine  
  142  10:44  Widow Mine, Marine  
  142  10:45  Marine x4  
  142  10:49  Marine  
  149  10:52  Marine  
  141  10:57  Marine x2  
  141  11:02  Marine  
  143  11:05  Barracks Reactor, SCV x3  
  143  11:09  Marine  
  143  11:10  Marine  
  148  11:17  Missile Turret, SCV  
  149  11:23  Marine  
  149  11:24  Marine  
  150  11:29  Marine  
  150  11:30  Marine  
  152  11:37  Marine x2  
  153  11:40  Widow Mine x2  
  153  11:41  Thor  
  153  11:42  Marine  
  153  11:46  Marine  
  164  11:54  Marauder, Marine  
  166  11:58  Medivac x2  
  170  12:01  Marauder, Marine x2  
  161  12:09  Marine x2  
  161  12:12  Marine x2  
  142  12:25  Command Center  
Show
View Real Time Build Order
Export as new Build Order

iAsonu Zerg 

Build Orders: Hatch First, Muta Ling Bane 

Get SALT Encoding   

  12  0:01  Drone  
  13  0:13  Overlord  
  13  0:18  Drone  
  14  0:32  Drone x2  
  16  0:35  Drone  
  17  0:54  Hatchery  
  17  0:56  Drone  
  17  0:59  Drone  
  18  1:10  Extractor  
  17  1:14  Spawning Pool  
  17  1:17  Drone  
  17  1:20  Drone  
  18  1:29  Drone  
  19  1:40  Overlord  
  19  1:50  Drone  
  20  2:01  Queen  
  22  2:02  Zergling x2  
  22  2:05  Queen  
  22  2:06  Zergling x2  
  26  2:10  Metabolic Boost  
  26  2:14  Drone  
  27  2:29  Hatchery  
  26  2:32  Drone  
  26  2:35  Drone  
  28  2:38  Drone  
  28  2:40  Drone  
  28  2:43  Drone  
  31  2:48  Overlord  
  31  2:52  Drone  
  31  2:56  Drone  
  33  3:01  Queen  
  33  3:04  Drone  
  36  3:11  Drone  
  36  3:12  Drone x2  
  39  3:13  Drone  
  40  3:20  Drone  
  40  3:21  Overlord  
  40  3:24  Drone x2  
  43  3:31  Roach Warren  
  42  3:36  Overlord  
  42  3:37  Drone  
  43  3:43  Queen  
  45  3:53  Overlord  
  45  3:55  Drone, Zergling x8  
  48  3:59  Spore Crawler  
  48  4:00  Zergling x2  
  50  4:08  Drone x3  
  52  4:16  Roach x2  
  56  4:19  Roach x3  
  56  4:23  Drone  
  56  4:24  Drone x2  
  65  4:33  Overlord  
  65  4:34  Spore Crawler  
  65  4:36  Overlord  
  65  4:38  Overlord  
  64  4:39  Ravager  
  64  4:47  Overlord  
  64  4:54  Drone  
  64  4:55  Drone x4  
  64  4:58  Drone x3  
  70  5:03  Drone  
  70  5:06  Lair  
  71  5:08  Drone  
  71  5:10  Drone  
  71  5:11  Drone  
  74  5:18  Drone x2  
  74  5:20  Drone  
  74  5:21  Drone  
  78  5:25  Drone, Evolution Chamber  
  78  5:26  Evolution Chamber  
  77  5:35  Drone  
  78  5:40  Drone x4  
  82  5:44  Drone x7  
  82  5:47  Extractor x2  
  82  5:48  Extractor x2  
  85  5:50  Overlord  
  85  5:53  Drone x3  
  85  5:55  Drone  
  89  5:58  Drone  
  89  6:00  Zerg Ground Armor Level 1  
  89  6:01  Zerg Melee Weapons Level 1  
  90  6:06  Drone, Extractor  
  88  6:18  Drone x2  
  88  6:19  Drone x3  
  88  6:22  Hatchery  
  91  6:31  Drone  
  88  6:34  Baneling Nest  
  88  6:37  Spire  
  88  6:39  Queen  
  88  6:42  Zergling x2  
  88  6:43  Zergling x8  
  93  6:48  Overlord  
  93  6:49  Spore Crawler  
  93  6:51  Hatchery  
  93  6:53  Drone x4  
  95  6:54  Drone  
  95  6:57  Overlord  
  95  7:00  Zergling x10  
  101  7:06  Overlord  
  101  7:07  Overlord  
  101  7:18  Overlord  
  101  7:26  Zergling x14  
  101  7:29  Centrifical Hooks  
  104  7:31  Overlord  
  104  7:34  Drone x5  
  104  7:36  Overlord  
  109  7:39  Drone  
  109  7:40  Drone, Overseer  
  111  7:49  Zergling x12  
  117  7:56  Zerg Ground Armor Level 2, Zerg Melee Weapons Level 2  
  117  7:57  Mutalisk x3  
  122  8:04  Mutalisk x2  
  126  8:15  Overlord  
  126  8:17  Mutalisk x4  
  134  8:21  Baneling x4  
  134  8:22  Baneling x4  
  134  8:29  Drone  
  134  8:30  Drone x2  
  137  8:35  Zergling x2  
  137  8:36  Zergling x14  
  145  8:47  Zergling x12  
  149  8:49  Ravager x3  
  150  9:00  Zergling x16  
  143  9:07  Zergling x2  
  143  9:08  Zergling x10  
  137  9:10  Mutalisk  
  137  9:11  Drone, Mutalisk x4  
  141  9:21  Baneling x8  
  138  9:28  Zergling x12  
  133  9:40  Mutalisk x3  
  130  9:46  Zergling x16  
  130  9:47  Zergling x2  
  137  9:57  Zerg Flyer Weapons Level 1  
  137  9:59  Hatchery  
  136  10:00  Zergling x2  
  136  10:01  Zergling x6  
  136  10:02  Overlord  
  140  10:10  Mutalisk x3  
  143  10:24  Drone  
  143  10:25  Drone x3  
  143  10:26  Infestation Pit  
  142  10:38  Zergling x18  
  142  10:52  Zergling x18  
  144  11:04  Hive  
  144  11:07  Drone x4  
  144  11:08  Drone  
  144  11:10  Baneling x10  
  149  11:11  Overlord x2  
  149  11:16  Overlord  
  149  11:18  Hatchery  
  146  11:33  Zergling x20  
  120  11:47  Zergling x20  
  120  11:48  Zergling x2  
  120  11:53  Baneling x6  
  120  11:57  Baneling x10  
  121  12:01  Zergling x12  
  105  12:16  Drone, Zergling x4  
  105  12:17  Zergling x2  
Tags
 
Add a new tag
Caveats
  • Supply blocks, unpowered buildings, or Contaminate may cause inaccurate times.
  • Supply counts are checked every 10 seconds.